 Dungeon Crawl Stone Soup version 0.22-a0-135-g6f012ad (webtiles) character file.

193 KristoblXynda the Insei (level 5, -1/45 HPs)
             Began as a Draconian Monk on Jan 31, 2018.
             Slain by a gnoll
             ... wielding a +0 halberd
              (12 damage)
             ... on level 4 of the Dungeon.
             The game lasted 00:04:54 (2355 turns).

KristoblXynda the Insei (Draconian Monk)            Turns: 2355, Time: 00:04:55

Health: -1/45      AC:  8    Str: 13    XL:     5   Next: 44%
Magic:  5/5        EV: 14    Int: 17    God:
Gold:   98         SH:  2    Dex: 13    Spells: 4/4 levels left

rFire    + . .     SeeInvis .     - Unarmed
rCold    . . .     Gourm    .   (no shield)
rNeg     . . .     Faith    .   (armour unavailable)
rPois    .         Spirit   .   r - +2 hat
rElec    .         Reflect  +   (no cloak)
rCorr    .         Harm     .   g - +0 pair of gloves
MR       .....                  (no boots)
Stlth    ++........             d - +2 amulet of reflection
HPRegen  0.15/turn              e - +5 ring of intelligence
MPRegen  0.09/turn              o - ring of protection from fire

@: no status effects
A: unfitting armour, cold-blooded, AC +5
a: no special abilities


You were on level 4 of the Dungeon.
You were hungry.

You visited 1 branch of the dungeon, and saw 4 of its levels.

You collected 98 gold pieces.

Inventory:

Armour
 g - a +0 pair of gloves (worn)
 r - a +2 hat (worn)
Jewellery
 d - a +2 amulet of reflection (around neck)
 e - a +5 ring of intelligence (left hand)
 i - a +3 ring of dexterity
 o - a ring of protection from fire (right hand)
Scrolls
 j - a scroll of enchant weapon {unknown}
 l - a scroll of random uselessness {unknown}
 m - a scroll of fear
 n - a scroll of magic mapping {unknown}
 s - 2 scrolls of fog {unknown}
Potions
 h - a potion of brilliance
 k - a potion of agility
Comestibles
 a - 6 rations


   Skills:
 - Level 3.2 Fighting
 + Level 4.4 Dodging
 - Level 1.7 Stealth
 + Level 4.8 Unarmed Combat


You had 4 spell levels left.
You didn't know any spells.

Dungeon Overview and Level Annotations

Branches:
Dungeon (4/15)
 Temple: D:4-7

Altars:
Fedhas


Innate Abilities, Weirdness & Mutations

Your plain brown scales are hard. (AC +5)
You cannot fit into any form of body armour.
You are cold-blooded and may be slowed by cold attacks.


Message History

Natasha casts a spell at you. The magic dart hits you!
The crimson imp blinks!
The crimson imp hits you but does no damage.
The gnoll hits you but does no damage. x2
You smack Natasha!
You kill Natasha!
Natasha yowls pathetically as she dies!
The crimson imp disappears in a puff of smoke!
The gnoll hits you but does no damage.
You smack the gnoll!
You kill the gnoll!
The gnoll hits you but does no damage. The gnoll barely misses you.
You aren't carrying any items that you can evoke.
The gnoll hits you but does no damage. The gnoll completely misses you.
You feel less wooden.
Your +2 hat unmelds from your body.
Your +0 pair of gloves unmelds from your body.
The gnoll hits you but does no damage.
The gnoll hits you from afar with a halberd!
You die...

#..........#
#####......$...###.
#....>.........S...
#..............####
#...........####
#........##.#
####g.#.....#
#.†#g.#g.######..
##.@?.###.........
#...#####..#####..
#...###.....#
##..##...##...#
#.....g########
#....#####
.........
.........#
.........#


You could see 2 gnolls.

Vanquished Creatures
  A scorpion (D:4)
  Natasha (D:4)
  2 gnolls (D:4)
  4 adders
  An ooze (D:1)
  3 leopard geckos
  6 orcs (D:3)
  2 giant cockroaches
  8 goblins
  4 hobgoblins
  A jackal (D:3)
  9 kobolds
  2 quokkas (D:2)
  3 bats
  5 frilled lizards
  4 rats
56 creatures vanquished.

Vanquished Creatures (others)
  An orc (D:3)
1 creature vanquished.

Grand Total: 57 creatures vanquished

Notes
Turn   | Place    | Note
-------+----------+-------------------------------------------
     0 | D:1      | KristoblXynda the Draconian Monk began the quest for the Orb.
     0 | D:1      | Reached XP level 1. HP: 19/19 MP: 1/1
   178 | D:1      | Reached XP level 2. HP: 26/26 MP: 2/2
   716 | D:2      | Reached XP level 3. HP: 31/31 MP: 3/3
  1838 | D:3      | Reached XP level 4. HP: 38/38 MP: 4/4
  1915 | D:3      | Found a blossoming altar of Fedhas.
  2241 | D:4      | Noticed Natasha
  2341 | D:4      | Reached XP level 5. HP: 38/45 MP: 5/5
  2352 | D:4      | Killed Natasha
  2355 | D:4      | Slain by a gnoll

Vault maps used:
D:1:      minmay_arrival_semitransparent
D:2:      lemuel_upstairs_altar
D:3:      kennysheep_six_static_rooms, hangedman_decor_growths, fedhas_altar_1
D:4:      serial_shops, shop, uniq_natasha, uniq_eustachio,
          uniq_crazy_yiuf_cottage

Skill      XL: |  1  2  3  4 |
---------------+-------------+-----
Dodging        | 3 4 |  4.4
Unarmed Combat | 4 |  4.8
Fighting       | |  3.2
Stealth        | |  1.7

Action                   |  1- 3 |  4- 6 || total
-------------------------+-------+-------++-------
Melee: Unarmed           |   122 |    77 ||   199
       Tailslap          |    11 |     5 ||    16
       Punch             |     1 |       ||     1
  Use: Scroll            |     1 |     5 ||     6
       Potion            |       |     4 ||     4
 Stab: Sleeping          |    11 |       ||    11
  Eat: Chunk             |     2 |     2 ||     4
Armor: Skin              |    42 |    62 ||   104
Dodge: Dodged            |    74 |    66 ||   140
Block: Other             |     5 |     9 ||    14
       Reflection        |       |     1 ||     1

Table legend:
 A = Spawn XP
 B = Non-spawn XP
 C = Spawn XP percentage of total XP
 D = Spawn monster count
 E = Non-spawn monster count
 F = Spawn count percentage of total count
 G = Total turns spent on level
                    A         B        C        D         E        F      G
               +---------+---------+-------+---------+---------+-------+---------
         Total |       0 |     277 |   0.0 |       0 |      57 |   0.0 |  2355
               +---------+---------+-------+---------+---------+-------+---------
           D:1 |       0 |      33 |   0.0 |       0 |      16 |   0.0 |   623
           D:2 |       0 |      63 |   0.0 |       0 |      17 |   0.0 |  1153
           D:3 |       0 |      48 |   0.0 |       0 |      19 |   0.0 |   484
           D:4 |       0 |     133 |   0.0 |       0 |       5 |   0.0 |    95
               +---------+---------+-------+---------+---------+-------+---------
